 Dungeon Crawl Stone Soup version 0.27.0-1-g7a089689b8 (webtiles) character file.

Game seed: 14412481599629538722

44 ZARRMARR the Chopper (level 3, 0/33 HPs)
             Began as a Hill Orc Monk on Aug 5, 2021.
             Slain by Robin (6 damage)
             ... on level 2 of the Dungeon.
             The game lasted 00:05:28 (1989 turns).

ZARRMARR the Chopper (Hill Orc Monk)                Turns: 1989, Time: 00:05:28

Health: 0/33       AC:  2    Str: 14    XL:     3   Next: 62%
Magic:  3/3        EV: 12    Int: 10    God:
Gold:   4          SH:  0    Dex: 13    Spells: 2/2 levels left

rFire    . . .     SeeInvis .   a - +0 hand axe
rCold    . . .     Faith    .   (no shield)
rNeg     . . .     Spirit   .   b - +0 robe
rPois    .         Reflect  .   (no helmet)
rElec    .         Harm     .   (no cloak)
rCorr    .         Rampage  .   (no gloves)
Will     .....                  (no boots)
Stlth    ++........             (no amulet)
HPRegen  0.11/turn              (no ring)
MPRegen  0.08/turn              (no ring)

@: no status effects
A: no striking features
a: no special abilities


You were on level 2 of the Dungeon.
You visited 1 branch of the dungeon, and saw 2 of its levels.

You collected 4 gold pieces.

Inventory:

Hand Weapons
 a - a +0 hand axe (weapon)
Missiles
 c - 17 stones (quivered)
 g - 9 poisoned darts
Armour
 b - a +0 robe (worn)
Scrolls
 d - a scroll of teleportation {unknown}
 f - a scroll of magic mapping


   Skills:
 + Level 4.2 Fighting
 + Level 4.7 Axes
 + Level 0.3 Throwing
 + Level 2.7 Dodging
 + Level 1.9 Stealth


You had 2 spell levels left.
You didn't know any spells.
Your spell library contained the following spells:

 Spells                   Type           Power      Damage    Failure   Level
 Stone Arrow              Conj/Erth      0%         3d7       75%         3
 Bolt of Magma            Conj/Fire/Erth 0%         4d4       100%        5
 Shatter                  Erth           0%         3d5*      100%        9


Dungeon Overview and Level Annotations

Branches:
Dungeon (2/15)

Altars:
Sif Muna

Annotations:
D:2 Robin


Message History

The goblin shouts!
The hobgoblin barely misses you.
Robin roars a battlecry!
The goblin goes into a battle-frenzy!
An adder comes into view.
The hobgoblin shouts!
You barely miss the hobgoblin.
The hobgoblin hits you but does no damage.
You hit the hobgoblin.
You kill the hobgoblin!
The hobgoblin no longer looks unusually strong.
You hit the goblin.
You kill the goblin!
You closely miss Robin. Robin throws the goblin at you!
The goblin barely misses you.
You barely miss Robin. You hit the goblin.
You kill the goblin!
Robin hits you with a +0 club.
You hit Robin.
Robin is lightly wounded.
Robin misses you.
You hit Robin.
Robin is heavily wounded.
Robin hits you with a +0 club.
* * * LOW HITPOINT WARNING * * *
A hobgoblin comes into view.
You hit Robin but do no damage.
Robin is heavily wounded.
You closely miss the hobgoblin.
The hobgoblin no longer looks unusually strong.
The hobgoblin hits you.
* * * LOW HITPOINT WARNING * * *
Robin roars a battlecry!
The hobgoblins go into a battle-frenzy!
You hear a shout!
You hit Robin.
Robin is severely wounded.
You hit the hobgoblin. The hobgoblin closely misses you.
Robin closely misses you. Robin hits you with a +0 club.
You die...

##.#.............
#.##.#####.##... #.##.#
#....#. #
#####.##.#####.##...
...##...)........#.###.#
#...............#...#..
#.##.#.#.##.##..#.#.###
#..g#).##.##..#.#.###
#..#@#...........>... #
#..#g#.##.##......###
#.#...S.............#
#.##........##.....####
g.###..........###..#......
#g.g......g...## #..#######
#.#####............
##........... ###....###..#


You could see Robin, an adder and 2 hobgoblins.

Vanquished Creatures
  A worm (D:2)
  2 dart slugs (D:1)
  3 bats (D:1)
  4 endoplasms
  4 hobgoblins
  4 ball pythons
  2 frilled lizards (D:1)
  9 goblins
  4 kobolds (D:1)
  3 rats
36 creatures vanquished.

Notes
Turn   | Place    | Note
-------+----------+-------------------------------------------
     0 | D:1      | ZARRMARR the Hill Orc Monk began the quest for the Orb.
     0 | D:1      | Reached XP level 1. HP: 19/19 MP: 1/1
   398 | D:1      | Reached XP level 2. HP: 27/27 MP: 2/2
   423 | D:1      | Found a faded altar of an unknown god.
  1098 | D:1      | Reached XP level 3. HP: 32/33 MP: 3/3
  1955 | D:2      | Found a shimmering blue altar of Sif Muna.
  1964 | D:2      | Noticed Robin
  1989 | D:2      | Slain by Robin

Illustrated notes

Levels and vault maps discovered:
D:1:      lemuel_arrival_cross, layout_loops_ring,
          chequers_ecumenical_altar_simple_redux
D:2:      layout_loops_ring, basic_altar, amethyst_killhole, grunt_ministairs_8,
          kennysheep_cross_bottleneck, uniq_natasha, uniq_robin

Skill      XL: |  1  2 |
---------------+-------+-----
Fighting       | 4 |  4.2
Axes           | |  4.7
Throwing       | |  0.3
Dodging        | |  2.7
Stealth        | |  1.9

Action                   || total
-------------------------++-------
Melee: Hand axe          ||   120
Throw: Stone             ||    21
  Use: Scroll            ||     2
 Stab: Sleeping          ||     3
Armor: Robe              ||    20
Dodge: Dodged            ||    70
